[Event "Championnat du monde jeunes U10F"]
[Date "2024.11.26"]
[White "Zhumambayeva Aliya"]
[Black "Bakhshi, Rana"]
[WhiteElo "1607"]
[BlackElo "1727"]
[Round "11.7"]
[Result "1-0"]
[TimeControl "5400+30"]

1. e4 c5 2. Nf3 d6 3. Bb5+ Bd7 4. Bxd7+ Qxd7 5. c4 e5 6. Nc3 Nc6 7. d3 Be7 8. O-O f5 9. exf5 Qxf5 10. Nd5 Bd8 11. Qb3 Rb8 12. Nd2 Nf6 13. Nxf6+ gxf6 14. Ne4 Be7 15. Ng3 Qg6 16. f4 Rg8 17. Qd1 Kd7 18. f5 Qg7 19. Be3 b5 20. b3 Nd8 21. Qf3 Qf7 22. Rab1 Nc6 23. Ne4 h5 24. Nc3 b4 25. Ne4 Bf8 26. Qe2 Nd4 27. Bxd4 cxd4 28. Qf3 Bh6 29. h3 Be3+ 30. Kh1 Rg7 31. Rb2 Ke7 32. Rc2 Qe8 33. Ra1 a5 34. Ng3 h4 35. Nf1 Bf4 36. Qd5 Qd7 37. Qxa5 e4 38. dxe4 d3 39. Rf2 Be5 40. Rd1 Bd4 41. Rf3 Rbg8 42. g4 hxg3 43. Kg2 Qb7 44. Qd5 Qxd5 45. exd5 Bf2 46. Rdxd3 Ra8 47. Nxg3 Bxg3 48. Rxg3 Rxa2+ 49. Kf3 Rxg3+ 50. Kxg3 Rc2 51. Rf3 Rc3 52. Kf4 Rc1 53. Rg3 Rf1+ 54. Kg4 Re1 55. Kh5 Kf7 56. Rf3 Re4 57. h4 Rd4 58. Re3 Rf4 59. Re6 Rf3 60. Rxd6 Rxb3 61. Rd7+ Ke8 62. Rb7 Rb1 63. Kg6 b3 64. Kxf6 b2 65. h5 Rh1 66. Rxb2 Rxh5 67. Ke6 Kf8 68. f6 Kg8 69. f7+ Kg7 70. Rg2+ Kh7 1-0

[Variant "Standard"]
[Site "Europe Echecs"]

[Event "Championnat du monde jeunes U10F"]
[Date "2024.11.26"]
[White "Peng, Jingyi(GD)"]
[Black "Zhang, Weiai"]
[WhiteElo "1720"]
[BlackElo "1488"]
[Round "11.8"]
[Result "1-0"]
[TimeControl "5400+30"]

1. Nf3 d5 2. c4 e6 3. g3 Nf6 4. Bg2 Be7 5. O-O O-O 6. d4 dxc4 7. Qc2 a6 8. a4 Bd7 9. Qxc4 b5 10. Qc2 Bc6 11. axb5 axb5 12. Rxa8 Bxa8 13. Bf4 Nd5 14. e4 Nxf4 15. gxf4 Bd6 16. e5 Be7 17. Rd1 Na6 18. Nc3 b4 19. Ne2 Bd5 20. Ng3 Qa8 21. Qe2 c5 22. f5 c4 23. f6 gxf6 24. Nh5 f5 25. Qe3 Kh8 26. Ng5 Qd8 27. h4 Bxg2 28. Kxg2 Rg8 29. f4 Qd5+ 30. Kf2 Bxg5 31. hxg5 Qe4 32. Qxe4 fxe4 33. Nf6 Rg7 34. Ra1 Nc7 35. Ra7 e3+ 36. Ke2 1-0

[Variant "Standard"]
[Site "Europe Echecs"]

[Event "Championnat du monde jeunes U10F"]
[Date "2024.11.26"]
[White "Norkulova, Malika"]
[Black "Cetin, Beren"]
[WhiteElo "1480"]
[BlackElo "1658"]
[Round "11.9"]
[Result "1/2-1/2"]
[TimeControl "5400+30"]

1. d4 Nf6 2. Nf3 e6 3. g3 d5 4. Bg2 Bd6 5. O-O O-O 6. c4 c6 7. Nfd2 Nbd7 8. Nc3 Bb4 9. e4 Bxc3 10. bxc3 dxe4 11. Nxe4 Nxe4 12. Bxe4 f5 13. Bg2 Nb6 14. Qb3 Qf6 15. Bf4 Nd7 16. Bd6 Re8 17. f4 h5 18. Qd1 Qg6 19. Bf3 Nf6 20. Kh1 Kf7 21. Be5 Ng4 22. h3 Rh8 23. hxg4 hxg4+ 24. Kg2 gxf3+ 25.
Qxf3 Bd7 26. Rab1 b6 27. c5 b5 28. Rh1 a6 29. Qe2 1/2-1/2

[Variant "Standard"]
[Site "Europe Echecs"]

[Event "Championnat du monde jeunes U10F"]
[Date "2024.11.26"]
[White "Mukhorina, Mariya Dm"]
[Black "Jaksa, Ema"]
[WhiteElo "1567"]
[BlackElo "1635"]
[Round "11.10"]
[Result "0-1"]
[TimeControl "5400+30"]

1. e4 e5 2. Nf3 Nc6 3. Nc3 Nf6 4. d4 exd4 5. Nxd4 Bb4 6. Nxc6 bxc6 7. Bd3 d5 8. exd5 cxd5 9. O-O O-O 10. Bg5 Be6 11. Qf3 h6 12. Bxf6 Qxf6 13. Qxf6 gxf6 14. Ne2 Rab8 15. c3 Bd6 16. b4 a5 17. a3 c5 18. bxc5 Bxc5 19. Nd4 Bxd4 20. cxd4 Rb3 21. Rfd1 Rc8 22. a4 Bd7 23. Kf1 Rb4 24. Ra3 Kg7 25. Ke2 Rxd4 26. Ke3 Rb4 27. f3 Re8+ 28. Kf2 Rb2+ 29. Kg3 h5 30. Bf1 Be6 31. Rc3 Reb8 32. Bb5 h4+ 33. Kf4 Rxg2 34. Rc7 Rxh2 35. Rg1+ Kf8 36. Ke3 h3 37. f4 Rb2 38. Kf3 h2 39. Rh1 Kg7 40. Kg3 Rh8 41. Bf1 d4 42. Rc5 d3 43. f5 d2 44. Be2 Bb3 45. Rb5 Rc8 46. Bd1 Rc1 47. Kxh2 Bxd1 48. Rg1+ Bg4 49. Rxg4+ Kh6 50. Rxb2 d1=Q 51. Rbg2 Qh1+ 52. Kg3 Rc3+ 53. Kf2 Rc2+ 54. Kf3 Qf1+ 55. Ke3 Rc3+ 56. Kd2 Qd3+ 57. Ke1 Rc1+ 58. Kf2 Rf1# 0-1

[Variant "Standard"]
[Site "Europe Echecs"]

[Event "Championnat du monde jeunes U10F"]
[Date "2024.11.26"]
[White "Sun, Yucan(SD)"]
[Black "Rosset, Anna"]
[WhiteElo "1642"]
[BlackElo "1814"]
[Round "11.11"]
[Result "0-1"]
[TimeControl "5400+30"]

1. e4 e6 2. d4 d5 3. Nc3 Bb4 4. Ne2 dxe4 5. a3 Bxc3+ 6. Nxc3 Nc6 7. Bb5 Ne7 8. Be3 O-O 9. Qd2 Nd5 10. Nxe4 Qh4 11. Ng3 h6 12. O-O-O a6 13. Bd3 b5 14. c3 Rb8 15. Ne2 a5 16. g4 b4 17. a4 bxc3 18. Nxc3 Ncb4 19. Nxd5 exd5 20. g5 hxg5 21. f3 Qh6 22. Kb1 Qc6 23. Bb5 Bf5+ 24. Ka1 Nc2+ 25. Ka2 Rxb5 26. axb5 Qxb5 27. b3 Re8 28. Rhe1 Nxe1 29. Rxe1 a4 30. Qc3 Rb8 31. Bxg5 axb3+ 32. Kb2 Bc2 33. Qxc7 Ra8 34. Re7 Qd3 0-1

[Variant "Standard"]
[Site "Europe Echecs"]

[Event "Championnat du monde jeunes U10F"]
[Date "2024.11.26"]
[White "Samhita Pungavanam"]
[Black "Tykalova, Barbora"]
[WhiteElo "1752"]
[BlackElo "1596"]
[Round "11.12"]
[Result "1-0"]
[TimeControl "5400+30"]

1. e4 e5 2. Nf3 Nf6 3. Nc3 Nc6 4. a3 Be7 5. Bb5 a6 6. Bxc6 dxc6 7. Nxe5 Nxe4 8. Qf3 Nf6 9. O-O O-O 10. h3 Be6 11. Qe3 Nd5 12. Nxd5 Qxd5 13. c4 Qd6 14.
d4 Rad8 15. Rd1 f6 16. c5 Qd5 17. Nd3 Qb3 18. Re1 Bd7 19. Qg3 Rf7 20. Bf4 Bf5 21. Re3 Rxd4 22. Nb4
Qxb2 23. Rae1 Bxc5 24. Rb3 Qxb3 25. Qxb3 Rxf4 26. Re8+ Bf8 27. g3
Re4 28. Rd8 Bxh3 29. Nd3 Be6 30. Qxb7 Rd7 31. Rxd7 Bxd7 32. Qa8 Ra4 33. Nc5 Rd4 34. Nxd7 Rxd7 35. Qxa6
Rd1+ 36. Kg2 Rc1 37. Qc8 Kf7 38. Qd7+ Be7 39. a4 Ra1 40. Qxc6 Bd6 41. Qa8 Ke6 42. a5 Ra4 43. Qe8+ 1-0

[Variant "Standard"]
[Site "Europe Echecs"]

[Event "Championnat du monde jeunes U10F"]
[Date "2024.11.26"]
[White "Pham Nhu Y"]
[Black "Tu, Tiffany"]
[WhiteElo "1545"]
[BlackElo "1687"]
[Round "11.13"]
[Result "0-1"]
[TimeControl "5400+30"]

1. d4 d5 2. Nf3 e6 3. c4 c6 4. Nc3 dxc4 5. a4 Bb4 6. e3 b5 7. Bd2 a6 8. axb5 Bxc3 9. Bxc3 cxb5 10. b3 cxb3 11. Bxb5+ axb5 12. Rxa8 Qc7 13. Qxb3 Ba6 14. Rxa6 Nxa6 15. Qxb5+ Ke7 16. Kd2 Nf6 17. Bb4+ Nxb4 18. Qxb4+ Qd6 19. Qxd6+ Kxd6 20. Ne5 Ke7 21. Ra1 Ne4+ 22. Ke2 Nc3+ 23. Kd3 Nb5 24. Ra5 Nc7 25. Ra7 Rc8 26. Nc4 Kd8 27. Nd6 Rb8 28. Nxf7+ Kc8 29. Ne5 Rb3+ 30. Ke4 Kb8 31. Nc6+ Kc8 32. Ra8+ Nxa8 33. Ne5 Nc7 34. Nd3 Na6 35. Nf4 Rb6 36. Nh5 Rb7 37. g4 Nb4 38. f4 g6 39. Nf6 Nc2 40. Kd3 Nb4+ 41. Ke4 Nc6 42. h4 h5 43. gxh5 gxh5 44. f5 Re7 45. Kf4 exf5 46. d5 Nb4 47. d6 Re6 48. Nxh5 Kd7 49. Ng7 Re4+ 50. Kf3 Rxh4 51. Nxf5 Rh8 52. e4 Nc6 53. Kf4 Rh1 54. Ke3 Re1+ 55. Kf3 Nd8 56. Kf4 Nf7 57. Ne3 Nxd6 58. Ng2 Rxe4+ 59. Kf3 Ke6 60.
Nf4+ Kf5 61. Nh5 Kg6 62. Nf4+ Kf7 63.
Nh3 Ra4 64. Nf4 Nf5 65. Nd3 Nh4+ 66.
Ke3 Ng2+ 67. Kf3 Ra3 68. Ke2 Ke6 69. Nf2 Nf4+ 70. Kd2 Kd5 71. Nd1 Kd4 72. Kc2 Nd5 73. Nb2 Nb4+ 74. Kb1 Rb3 75. Ka1 Kc3 76. Nd1+ Kc2 77. Ne3+ Kc1 0-1

[Variant "Standard"]
[Site "Europe Echecs"]

[Event "Championnat du monde jeunes U10F"]
[Date "2024.11.26"]
[White "Constantin-Ciuntu, Anne-Sophie"]
[Black "Blakhina Viktoryia"]
[WhiteElo "1672"]
[BlackElo "1436"]
[Round "11.14"]
[Result "1-0"]
[TimeControl "5400+30"]

1. e4 e6 2. d4 d5 3. Nd2 dxe4 4. Nxe4 Nd7 5. Nf3 Ngf6 6. Bd3 Nxe4 7. Bxe4 Nf6 8. Bd3 Be7 9. c3 b6 10. Ne5 Bb7 11. Bb5+ Kf8 12. f3 c5 13. O-O Qc7 14. Bf4 Bd6 15. Qe2 Ke7 16. dxc5 Qxc5+ 17. Kh1 Nh5 18. g3 f6 19. Nd7 Nxf4 20. Nxc5 Nxe2 21. Nxb7 Bxg3 22. Bxe2 Bf4 23. Ba6 Rhc8 24. Rfd1 Rc7 25. Rd4 g5 26. Rad1 Rb8 27. Nd6 Bxd6 28. Rxd6 h5 29. Bb5 Rbc8 30. Rd7+ Kf8 31. Ba6 Rxd7 32. Rxd7 Ke8 33. Bxc8 1-0

[Variant "Standard"]
[Site "Europe Echecs"]

[Event "Championnat du monde jeunes U10F"]
[Date "2024.11.26"]
[White "Tran Hoang Bao An"]
[Black "Ahmadli, Mehriban"]
[WhiteElo "1714"]
[BlackElo "1624"]
[Round "11.15"]
[Result "1-0"]
[TimeControl "5400+30"]

1. d4 Nf6 2. c4 g6 3. Nf3 Bg7 4. g3 O-O 5. Bg2 d6 6. O-O c5 7. Nc3 Nc6 8. d5 Nb8 9. h3 Nbd7 10. e4 Nb6 11. Qe2 e6 12. Rd1 exd5 13. cxd5 Re8 14. Qc2 a6 15. Rb1 Qe7 16. Re1 Nbd7 17. a4 h6 18. b3 Rb8 19. a5 b5 20. axb6 Rxb6 21. Bb2 Nh7 22. Na4 Rb4 23. Bxg7 Kxg7 24. Nb2 Ng5 25. Nxg5 Qxg5 26. Nc4 Qe7 27. Qc3+ Kg8 28. Rbd1 Rb8 29. Rd2 Bb7 30. h4 h5 31. Rde2 Rbd8 32. e5 dxe5 33. d6 Qf6 34. Bxb7 Re6 35. Bd5 Ree8 36. Re3 Qg7 37. Bc6 f6 38. Bd5+ Kh7 39. f4 Kh6 40. fxe5 fxe5 41. Bc6 Re6 42. Bxd7 Rxd7 43. Rxe5 Rxe5 44. Qxe5 Qf8 45. Qg5+ Kh7 46. Re7+ Rxe7 47. Qxe7+ Kg8 48. Qxf8+ Kxf8 49. Kf2 Ke8 50. Ke3 Kd7 51. Ke4 a5 52. Kd5 Kd8 53. Kc6 Kc8 54. d7+ Kd8 55. Ne5 g5 56. Nf7+ Ke7 57. d8=Q+ Kxf7 1-0

[Variant "Standard"]
[Site "Europe Echecs"]

[Event "Championnat du monde jeunes U10F"]
[Date "2024.11.26"]
[White "Bhavanya Panchumarthi"]
[Black "Malcheva, Niya"]
[WhiteElo "1703"]
[BlackElo "1620"]
[Round "11.16"]
[Result "1-0"]
[TimeControl "5400+30"]

1. d4 d5 2. Nc3 Nf6 3. Bf4 Bf5 4. e3 e6 5. f3 a6 6. g4 Bg6 7. h4 h6 8. Bd3 Bxd3 9. Qxd3 Bd6 10. Nge2 Nc6 11. Kf2 e5 12. dxe5 Nxe5 13. Bxe5 Bxe5 14. g5 hxg5 15. hxg5 Nh5 16. Qxd5 Qxd5 17. Nxd5 O-O-O 18. Rad1 g6 19. c3 Rd7 20. f4 Bg7 21. Ng3 Nxg3 22. Rxh8+ Bxh8 23. Kxg3 Kd8 24. e4 Bg7 25. Rh1 c6 26. Nf6 Bxf6 27. gxf6 Rd6 28. e5 Rd3+ 29. Kg4 Kd7 30. Rh7 Ke6 31. Rh8 Kd7 32. Rf8 Ke6 33. Re8+ Kd5 34. Rd8+ Ke4 35. Rxd3 Kxd3 36. e6 1-0

[Variant "Standard"]
[Site "Europe Echecs"]

[Event "Championnat du monde jeunes U10F"]
[Date "2024.11.26"]
[White "Meng, Miranda"]
[Black "Shtepa, Liubov"]
[WhiteElo "1675"]
[BlackElo "1615"]
[Round "11.17"]
[Result "1-0"]
[TimeControl "5400+30"]

1. d4 d5 2. Bf4 Nf6 3. Nf3 e6 4. e3 Bd6 5. Bg3 O-O 6. Bd3 c5 7. c3 Qc7 8. Nbd2 Nbd7 9. Rc1 Bxg3 10. hxg3 h6 11. Nh4 b6 12. f4 Nh7 13. Kf2 f5 14. g4 fxg4 15. Qxg4 Ndf6 16. Qg3 e5 17. dxe5 Qxe5 18. Ng6 Ng4+ 19. Qxg4 Bxg4 20. Nxe5 Nf6 21. Ndf3 Rae8 22. Rhe1 c4 23. Bg6 Re7 24. Kg1 Bc8 25. Bc2 Ree8 26. Nh4 Rd8 27. Nhg6 Rfe8 28. Ba4 Re6 29. Nc6 Rde8 30. Nd4 1-0

[Variant "Standard"]
[Site "Europe Echecs"]

[Event "Championnat du monde jeunes U10F"]
[Date "2024.11.26"]
[White "Yi, Ruiyu"]
[Black "Mohamed Ahmed, Ghidaa"]
[WhiteElo "1571"]
[BlackElo "1638"]
[Round "11.19"]
[Result "1-0"]
[TimeControl "5400+30"]

1. d4 Nf6 2. c4 e6 3. Nc3 d5 4. cxd5 exd5 5. Bg5 Be7 6. e3 Nbd7 7. Bd3 c6 8. Nge2 h6 9. Bh4 O-O 10. O-O Re8 11. f3 Nf8 12. Kh1 N6h7 13. Bf2 Bh4 14. e4 Bxf2 15. Rxf2 Nf6 16. e5 N6h7 17. f4 f6 18. Ng3 fxe5 19. dxe5 Qh4 20. Qf1 b5 21. Nce2 a6 22. b4 Bd7 23. Nd4 Qe7 24. a3 a5 25. Ngf5 Bxf5 26. Nxf5 Qd7 27. Nd6 Re7 28. Re1 axb4 29. axb4 Ra4 30. Rb2 Qg4 31. Bf5 Qh5 32. Rb3 Qh4 33. Rh3 Qxh3 34. Bxh3 Rxb4 35. f5 Nd7 36. e6 Ndf6 37. Nc8 Re8 38. Nd6 Re7 39. Ra1 Ng5 40. Qe1 Rb3 41. Ra6 Nxh3 42. gxh3 Rxh3 43. Rxc6 Ng4 44. Rc2 Rb3 45. Qd1 Rc3 46. Rg2 Ne3 47. Qd4 Rc1+ 48. Rg1 Rxg1+ 49. Kxg1 Nc2 50. Qxd5 b4 51. Nc8 Re8 52. e7+ Kh7 53. f6 Rxc8 54. Qf5+ g6 55. Qxc8 b3 56. e8=Q b2 57. Qf7# 1-0

[Variant "Standard"]
[Site "Europe Echecs"]

[Event "Championnat du monde jeunes U10F"]
[Date "2024.11.26"]
[White "Artemenko, Isabella"]
[Black "Poliak, Margarita"]
[WhiteElo "1637"]
[BlackElo "1514"]
[Round "11.20"]
[Result "0-1"]
[TimeControl "5400+30"]

1. e4 c5 2. Nc3 d6 3. g3 Nc6 4. d3 g6 5. Bg2 Bg7 6. f4 e6 7. Nf3 Nge7 8. O-O O-O 9. Be3 Nd4 10. e5 Nef5 11. Bf2 Nxf3+ 12. Qxf3 Nd4 13. Qd1 dxe5 14. fxe5 Bxe5 15. Ne4 Qc7 16. c3 Nf5 17. Bxc5 Rd8 18. Qc2 b6 19. Bf2 Ba6 20. Rfd1 Rac8 21. Bf1 Bb7 22. Qe2 Nd6 23. Nxd6 Qxd6 24. d4 Qd5 25. Be3 Qh1+ 26. Kf2 Qxh2+ 27. Ke1 Bxg3+ 28. Bf2 Bxf2+ 29. Qxf2 Qxf2+ 30. Kxf2 Rd5 31. Be2 Rf5+ 32. Ke3 h5 33. Rg1 Kg7 34. Bd3 Rf3+ 35. Ke2 Rh3 36. Raf1 Rxd3 37. Kxd3 Ba6+ 38. Kd2 Bxf1 39.
Rxf1 Rd8 40. Kd3 Rd5 41. c4 Rg5 42. Kc3 Rg3+ 43. Kb4 Rd3 44. Rf4 g5 45. Re4 h4 46. c5 h3 47. Kc4 Rd1 48. Re2 bxc5 49. dxc5 g4 50. Rh2 Kf8 51. Kb5 g3 52. Rxh3 g2 53. Rg3 g1=Q 54. Rxg1 Rxg1 55. Ka6 f5 56. b4 Rg7 57. b5 f4 58. a4 f3 59. b6 f2 60. b7 f1=Q+ 61. Kxa7 Qf3 62. c6 Qxc6 63. a5 Qxb7# 0-1

[Variant "Standard"]
[Site "Europe Echecs"]

[Event "Championnat du monde jeunes U10F"]
[Date "2024.11.26"]
[White "Wang, Mi Ya Mia"]
[Black "Li, Wan Qin"]
[WhiteElo "1552"]
[BlackElo "1628"]
[Round "11.21"]
[Result "0-1"]
[TimeControl "5400+30"]

1. e4 e6 2. d4 d5 3. e5 c5 4. c3 Nc6 5. Nf3 cxd4 6. cxd4 Nge7 7. Bd3 Nf5 8. Bxf5 exf5 9. Nc3 Bb4 10. a3 Bxc3+ 11. bxc3 h6 12. h4 Be6 13. Bd2 Qd7 14. Rb1 Na5 15. a4 Rc8 16. Rb5 Nc4 17. Qb3 b6 18. O-O Qe7 19. Bc1 a6 20. Rb4 O-O 21. g3 a5 22. Rb5 Bd7 23. Rxd5 Bc6 24. Qxc4 Qe6 25. Rc5 bxc5 26. Qd3 Be4 27. Qe3 Qd5 28. Nd2 cxd4 29. cxd4 Bc2 30. Ba3 Rfe8 31. Bc5 Red8 32. Bb6 Rd7 33. Rc1 Rb7 34. Bc5 Bxa4 35. Nc4 Rb3 36. Qd2 Bc6 37. f3 Rxf3 38. Kh2 Rc3 39. Nb6 Qe4 40. Rg1 Rc2 41. Qxc2 Qxc2+ 42. Kh3 Bf3 43. g4 Qf2 44. Nxc8 Qxg1 45. Ne7+ Kh7 46. h5 Qxg4+ 47. Kh2 Qg2# 0-1

[Variant "Standard"]
[Site "Europe Echecs"]

[Event "Championnat du monde jeunes U10F"]
[Date "2024.11.26"]
[White "Lisboa, Maria Eduarda Mazzaroppi"]
[Black "Trzcinska, Weronika"]
[WhiteElo "1490"]
[BlackElo "1653"]
[Round "11.22"]
[Result "1-0"]
[TimeControl "5400+30"]

1. e4 e5 2. Nf3 Nc6 3. Bb5 Bc5 4. d3 Nge7 5. O-O O-O 6. c3 a6 7. Ba4 d6 8. Nbd2 Bb6 9. Re1 Ng6 10. Nf1 h6 11. Ng3 Qe7 12. h3 Nh4 13. Be3 Qf6 14. Nxh4 Bxe3 15. Rxe3 Qxh4 16. Bxc6 bxc6 17. d4 Qe7 18. Qd2 exd4 19. cxd4 Rb8 20. b3 Rb5 21. Rc1 Rb6 22. Qc2 Qf6 23. e5 Qg6 24. Qxg6 fxg6 25. Rec3 Bd7 26. exd6 cxd6 27. Ne4 Rf4 28. f3 d5 29. Nc5 Be8 30. Re1 Bf7 31. Na4 Rb4 32. Rxc6 Rbxd4 33. Rxa6 Rd2 34. Ra8+ Kh7 35. Nc5 g5 36. Nd7 h5 37. Rc1 g4 38. Rc6 g6 39. hxg4 hxg4 40. Nf6+ Kg7 41. Nxg4 Rd1+ 42. Kh2 Rf5 43. Ra7 d4 44. Rd6 d3 45. Rad7 Ra5 46. Rxd3 Rxd3 47. Rxd3 Rxa2 48. Ne5 Be6 49.
Nc6 Ra6 50. Nd4 Bf7 51. Rc3 Rd6 52. Rd3 Kf6 53. f4 1-0

[Variant "Standard"]
[Site "Europe Echecs"]

[Event "Championnat du monde jeunes U10F"]
[Date "2024.11.26"]
[White "Rzadkowska, Lila"]
[Black "Xin, Lisa J."]
[WhiteElo "1765"]
[BlackElo "1602"]
[Round "11.23"]
[Result "1-0"]
[TimeControl "5400+30"]

1. d4 d5 2. c4 c6 3. Nf3 Nf6 4. e3 e6 5. b3 Nbd7 6. Bd3 b6 7. O-O Bb7 8. Bb2 Bd6 9. Nbd2 O-O 10. Ne5 Qe7 11. f4 Rac8 12. Rc1 c5 13. g4 dxc4 14. bxc4 Rfd8 15. g5 Ne8 16. Qc2 g6 17. Ng4 cxd4 18. Nh6+ Kf8 19. exd4 Bxf4 20. Rxf4 Qxg5+ 21. Rg4 Qxh6 22.
Rf1 Nef6 23. Rg3 Kg8 24. Ne4 Nxe4 25.
Bxe4 Bxe4 26. Qxe4 Rxc4 27. Qf3 Rf8 28. d5 Rc2 29. Rg2 Rxg2+ 30. Qxg2 Qe3+ 31. Kh1 Nc5 32. dxe6 Qxe6 33. Qd2 Qe4+ 34. Kg1 Nd3 35. Bf6 Nc5 36. Bb2 Qd3 37. Qh6 Ne6 38. Re1 Qc2 39. Bf6 Qc5+ 40. Re3 Rc8 41. Kg2 Qf8 42. Qh4 Rc2+ 43. Kf1 Rxa2 44. Qc4 Qc5 45. Qxc5 bxc5 46. Rb3 Rxh2 47. Rb8+ Nf8 48. Be7 Kg7 49. Bxf8+ Kf6 50. Bxc5 a5 51. Rb6+ Kg7 52. Bd4+ Kf8 53. Bf6 Ke8 54. Rd6 Rh1+ 55. Kg2 Rd1 56. Rxd1 a4 57. Rd8# 1-0

[Variant "Standard"]
[Site "Europe Echecs"]

[Event "Championnat du monde jeunes U10F"]
[Date "2024.11.26"]
[White "Nguyen, Lam Vy Le"]
[Black "Macchia-Shahar, Yali"]
[WhiteElo "1728"]
[BlackElo "1564"]
[Round "11.24"]
[Result "1-0"]
[TimeControl "5400+30"]

1. e4 c5 2. Nc3 Nc6 3. g3 g6 4. Bg2 Bg7 5. d3 d6 6. Be3 Rb8 7. a4 a6 8. Nge2 Nd4 9. Rb1 b5 10. axb5 axb5 11. Bxd4 cxd4 12. Nd5 e6 13. Nb4 Qa5 14. c3 Ne7 15. Qb3 e5 16. O-O Be6 17. Qc2 O-O 18. Ra1 Qd8 19. cxd4 Rc8 20. Qd2 exd4 21. f4 Qd7 22. Ra3 f5 23. Rfa1 Rc7 24. Nc2 fxe4 25. Bxe4 Bh3 26. Ncxd4 d5 27. Bg2 Bxg2 28. Kxg2 Nf5 29. Nxf5 Rxf5 30. Ra8+ Bf8 31. Nd4 Rh5 32. Kg1 Kg7 33. Rd8 Qh3 34. Nf3 Qg4 35. Qf2 Bc5 36. d4 Be7 37. Re8 Bf6 38. Rae1 Qh3 39. Qg2 Qg4 40. Qe2 Rf7 41. Ne5 Qxe2 42. Rxe2 Bxe5 43. R8xe5 Rff5 44. Rxf5 Rxf5 45. Re5 Kf6 46.
Re8 g5 47. fxg5+ Rxg5 48. Kf2 Rh5 49.
Kg2 Rg5 50. h3 h5 51. Kf3 Rf5+ 52. Ke3 Rg5 53. Rf8+ Ke7 54. Rf3 Kd6 55. Kd3 Kc6 56. b4 Kd6 57. Ke3 Rg6 58. Kf2 Kc6 59. Rf5 Rh6 60. Kf3 Kd6 61. Kf4 Ke6 62. Rf8 Rf6+ 63. Rxf6+ Kxf6 64. h4 Kf7 65. Ke5 Kg6 66. Kxd5 Kf5 67. Kc6 Ke6 68. d5+ Ke7 69. Kc7 1-0

[Variant "Standard"]
[Site "Europe Echecs"]

[Event "Championnat du monde jeunes U10F"]
[Date "2024.11.26"]
[White "Wang, Yi Xuan"]
[Black "Kravchuk, Daria"]
[WhiteElo "1668"]
[BlackElo "1569"]
[Round "11.25"]
[Result "1/2-1/2"]
[TimeControl "5400+30"]

1. d4 d5 2. c4 e6 3. Nc3 a6 4. a4 Nf6 5. Nf3 dxc4 6. e3 c5 7. Bxc4 Nc6 8. O-O cxd4 9. exd4 Bd6 10. d5 exd5 11. Nxd5 Nxd5 12. Bxd5 O-O 13. Ng5 Qc7 14. h4 Bf5 15. g4 Bd7 16. Qd3 g6 17. Qc4 b5 18. Bxf7+ Kg7 19. Qd5 Ne7 20. Qb3 Bh2+ 21. Kh1 Bc6+ 22. f3 Qg3 23. Qc3+ Qe5 24. Qxe5+ Bxe5 25. Bb3 Kh8 26. Nf7+ Rxf7 27. Bxf7 Rf8 28. Be6 Rf6 1/2-1/2

[Variant "Standard"]
[Site "Europe Echecs"]

[Event "Championnat du monde jeunes U10F"]
[Date "2024.11.26"]
[White "Foong, Livia"]
[Black "Bayramova, Aya"]
[WhiteElo "1461"]
[BlackElo "1634"]
[Round "11.26"]
[Result "0-1"]
[TimeControl "5400+30"]

1. d4 Nf6 2. Nf3 e6 3. Bf4 c5 4. e3 Qb6 5. Qc1 Nc6 6. c3 cxd4 7. cxd4 Bb4+ 8. Nc3 Nd5 9. Bg3 Qa5 10. Nd2 Nxc3 11. a3 Ne4 12. axb4 Qxb4 13. Bd3 Nxd2 14. Qxd2 Qxd2+ 15. Kxd2 Ke7 16. Rhc1 f6 17. Kc3 d5 18. e4 e5 19. dxe5 d4+ 20. Kd2 fxe5 21. b4 Nxb4 22. Bxe5 Nc6 23. Bg3 Be6 24. Bb5 Bd7 25. f3 Ke6 26. Bf2 Rhd8 27. Rc4 Ne5 28. Bxd7+ Rxd7 29. Rxd4 Rad8 30. Rxd7 Rxd7+ 31.
Ke2 a6 32. f4 Nc4 33. Rc1 b5 34. Rd1 Rxd1 35. Kxd1 Nd6 36. e5 Ne4 37. Bb6 Nc3+ 38. Kc2 Nd5 39. g3 Nxb6 40. Kb3 a5 41. h3 a4+ 42.
Ka2 b4 43. Kb2 Nc4+ 44.
Kc2 b3+ 45. Kb1 a3 46. f5+ Kxe5 47. f6 gxf6 48. g4 Nd2+ 49. Ka1 b2+ 50. Ka2 b1=Q+ 51. Kxa3 Qb3# 0-1

[Variant "Standard"]
[Site "Europe Echecs"]

[Event "Championnat du monde jeunes U10F"]
[Date "2024.11.26"]
[White "Aragonda, Sahasra"]
[Black "Afandi, Sadagul"]
[WhiteElo "1526"]
[BlackElo "1625"]
[Round "11.27"]
[Result "1/2-1/2"]
[TimeControl "5400+30"]

1. d4 d5 2. Nf3 Nf6 3. e3 c5 4. dxc5 e6 5. b4 a5 6. c3 Bd7 7. Bd2 axb4 8. cxb4 Ba4 9. Qc1 Ne4 10. Bd3 Nxd2 11. Nbxd2 Nc6 12. a3 b6 13. cxb6 Qxb6 14. Qb2 f6 15. O-O Bd6 16. Nb3 Ne5 17. Nxe5 Bxe5 18. Nd4 O-O 19. f4 Bxd4 20. exd4 e5 21. fxe5 fxe5 22. Kh1 Qxd4 23. Qxd4 exd4 24. Kg1 Bb3 25. b5 Bc4 26. Rfd1 Bxd3 27. Rxd3 Ra4 28. Rad1 Rb8 29. Rb3 Ra5 30. Rxd4 Rbxb5 31. Rxb5 Rxb5 32. Rb4 Ra5 33. Rb3 Kf7 34. Kf2 Ke6 35. Ke3 Ra6 36. Kd4 Kd6 37. Rc3 Ra5 38. Rb3 1/2-1/2

[Variant "Standard"]
[Site "Europe Echecs"]

[Event "Championnat du monde jeunes U10F"]
[Date "2024.11.26"]
[White "Milojevic, Dunja"]
[Black "Isakhanyan, Nare"]
[WhiteElo "1610"]
[BlackElo "1540"]
[Round "11.28"]
[Result "0-1"]
[TimeControl "5400+30"]

1. d4 d5 2. c4 c6 3. Nc3 Nf6 4. Nf3 dxc4 5. a4 Bf5 6. e3 e6 7. Bxc4 Bb4 8. O-O Nbd7 9. Qb3 Qb6 10. Nh4 Bg6 11. Bd2 Bd6 12. Qa2 Nd5 13. Rfe1 Nb4 14. Qb3 Nc2 15. Nxg6 Qxb3 16. Bxb3 Nxa1 17. Nxh8 Nxb3 18. Ne4 Be7 19. Bc3 f5 20. Ng3 Bf6 21. e4 f4 22. Nh5 Bxd4 23. Nxf4 Bxc3 24. bxc3 Ke7 25.
Nhg6+ hxg6 26. Nxg6+ Kf7 27. Nf4 Nbc5 28. a5 Nb3 29. a6 bxa6 30. Re3 Ne5 31. h4 a5 32. Re1 a4 33. Ne2 a3 34. Nc1 Nxc1 35. Rxc1 Rb8 36. Ra1 Nc4 37. Kh2 Rb2 38. Kg3 a2 39. Kf3 Nd2+ 40. Ke3 Nb3 0-1

[Variant "Standard"]
[Site "Europe Echecs"]

[Event "Championnat du monde jeunes U10F"]
[Date "2024.11.26"]
[White "Bjerregaard Hagen, Frida"]
[Black "Smilic, Nina"]
[WhiteElo "1815"]
[BlackElo "1540"]
[Round "11.29"]
[Result "0-1"]
[TimeControl "5400+30"]

1. d4 Nf6 2. Nf3 g6 3. e3 Bg7 4. Be2 O-O 5. O-O d6 6. b3 c5 7. Bb2 b6 8. c4 Bb7 9. Nc3 Nbd7 10. Qd2 a6 11. Rfd1 Rc8 12. Rac1 Re8 13. h3 Ne4 14. Nxe4 Bxe4 15. Ng5 Bb7 16. Bf3 Bxf3 17. Nxf3 Nf6 18. Qd3 Qc7 19. dxc5 bxc5 20. Bc3 Ra8 21. Ne1 a5 22. a4 Rab8 23. Rb1 Rb7 24. Rb2 Reb8 25. Rdb1 Ra7 26. Nc2 Ne8 27. Bxg7 Kxg7 28. Na3 Qd7 29. Nb5 Raa8 30. e4 Qc6 31. Re2 Rd8 32. Qe3 e5 33. Rd1 Ra6 34. Qg5 Qd7 35. Red2 f6 36. Qg3 Qe7 37. Rd3 Nc7 38. h4 Ne6 39. Qg4 Nf4 40. R3d2 Rb6 41. g3 Ne6 42. h5 Nd4 43. Rd3 Rf8 44. Kg2 g5 45. Rh1 h6 46. Re3 Qf7 47. Rd3 f5 48. exf5 Qxf5 49. Qxf5 Rxf5 50. g4 Rf4 51. f3 Kf7 52. Re1 Ke7 53. Nc7 e4 54. Nd5+ Kd8 55. Nxf4 exd3 56. Nxd3 Rxb3 57. Rd1 Rc3 58. f4 Rc2+ 59. Kg3 Ne2+ 60. Kf3 gxf4 61. Nxf4 Nxf4 62. Kxf4 Rxc4+ 63. Kf5 Kd7 64.
Ra1 d5 65. Ke5 Rxg4 66. Kxd5 Rg5+ 67.
Kc4 Rxh5 68. Kb5 Kd6 69. Rd1+ Rd5 70.
Rh1 h5 71. Kc4 Kc6 72. Rh4 Rd4+ 73.
Rxd4 cxd4 74. Kxd4 h4 75. Ke3 Kc5 76. Kf4 Kb4 77. Kg4 Kxa4 78. Kxh4 Kb3 79. Kg3 a4 80. Kf2 a3 81. Ke2 a2 82.
Kd2 a1=Q 83. Ke2 Qc3 84. Kd1 Qb2 85. Ke1 Kc3 86. Kd1 Qd2# 0-1

[Variant "Standard"]
[Site "Europe Echecs"]

[Event "Championnat du monde jeunes U10F"]
[Date "2024.11.26"]
[White "Billod-Laillet, Camille"]
[Black "Saltkhutsishvili, Sara"]
[WhiteElo "1732"]
[BlackElo "1546"]
[Round "11.30"]
[Result "0-1"]
[TimeControl "5400+30"]

1. e4 c6 2. d4 d5 3. exd5 cxd5 4. Bd3 Nc6 5. c3 Qc7 6. h3 e6 7. Nf3 Bd6 8. Be3 Nge7 9. Nbd2 h6 10. O-O O-O 11. Nb3 f6 12. Nh4 e5 13. Ng6 Rd8 14. Qd2 e4 15. Nxe7+ Nxe7 16. Bc2 f5 17. f4 a5 18. a4 b6 19. Bd1 Ba6 20. Be2 Bc4 21. Nc1 Rab8 22. Bxc4 dxc4 23. Ne2 Nd5 24. Rf2 Rf8 25. Raf1 b5 26. axb5 Rxb5 27. Ng3 g6 28. Rb1 a4 29. Ra1 Rfb8 30. Ra2 Rb3 31. Nf1 a3 32. bxa3 Nxc3 33. Ra1 Nd5 34. a4 Bb4 35. Qc1 Ba5 36. Re2 c3 37. Rc2 Nb4 38. Re2 Nd3 39. Qd1 Rb2 40. Rxb2 Rxb2 41. Bc1 c2 42. Qe2 Rb1 43. Ra2 Rxc1 44. d5 Nb4 45. Ra3 Rxf1+ 46. Kxf1 c1=Q+ 47. Kf2 Q7xf4+ 48. Rf3 e3+ 49. Qxe3 Qcxe3+ 50. Kf1 Nd3 51. Rxf4 Qe1# 0-1

[Variant "Standard"]
[Site "Europe Echecs"]